 Dungeon Crawl Stone Soup version 0.30.0-29-ga12c61a403 (webtiles) character file.

Game seed: 14059419186384541396

28 Ayven the Charlatan (level 3, 26/26 HPs)
             Began as a Human Artificer on June 25, 2023.
             Got out of the dungeon alive.
             The game lasted 00:06:05 (1134 turns).

Ayven the Charlatan (Human Artificer)               Turns: 1134, Time: 00:06:06

Health: 26/26      AC:  4    Str: 12    XL:     3   Next: 30%
Magic:  3/3        EV: 11    Int: 11    God:
Gold:   69         SH:  0    Dex: 15    Spells: 2/2 levels left

rFire   . . .        a - +0 club
rCold   . . .        (no shield)
rNeg    . . .        b - +0 leather armour
rPois   .            f - +0 helmet
rElec   .            (no cloak)
rCorr   .            (no gloves)
SInv    .            (no boots)
Will    .....        (no amulet)
Stlth   ++           (no ring)
HPRegen 0.24/turn    (no ring)
MPRegen 0.08/turn

%: no passive effects
@: no status effects
A: no striking features
a: no special abilities


You escaped.
You visited 1 branch of the dungeon, and saw 2 of its levels.

You collected 69 gold pieces.

Inventory:

Hand Weapons
 a - a +0 club (weapon)
 g - a +0 dagger
Armour
 b - a +0 leather armour (worn)
 f - a +0 helmet (worn)
 k - a +0 robe of fire resistance
Jewellery
 m - a ring of protection from fire
 o - a ring of ice
Wands
 c - a wand of flame (10) (quivered)
 d - a wand of charming (15)
 e - a wand of iceblast (5)
Scrolls
 h - a scroll of amnesia {unknown}
 i - a scroll of enchant weapon {unknown}
 j - 2 scrolls of teleportation {unknown}
 n - a scroll of identify {unknown}
Potions
 l - 2 potions of attraction {unknown}


   Skills:
 + Level 1.0 Fighting
 + Level 0.2 Maces & Flails
 + Level 2.1 Armour
 + Level 1.3 Dodging
 + Level 1.1 Stealth
 + Level 3.9 Evocations


You had 2 spell levels left.
You didn't know any spells.
Your spell library contained the following spells:

 Spells                   Type           Power      Damage    Failure   Level
 Inner Flame              Hex/Fire       0%         N/A       80%         3
 Flame Wave               Conj/Fire      0%         2d4       99%         4
 Sticky Flame             Conj/Fire      0%         2d3       99%         4


Dungeon Overview and Level Annotations

Branches:
Dungeon (2/15)

Altars:


Message History

The dart slug closely misses you.
You hit the dart slug.
The dart slug is severely wounded.
The dart slug bites you but does no damage.
You hit the dart slug.
You kill the dart slug!
You now have 69 gold pieces (gained 13).
Found a mace.
Found a glowing agate ring.
You pick up a book of Flames and begin reading...
You add the spells Inner Flame, Sticky Flame and Flame Wave to your library.
You're too inexperienced to learn that spell!
Found 5 stones.
o - a ring of ice
There are no items here.
There are no items here.
Unknown command.
There are no items here.
Found a robe.
l - 2 fizzy orange potions (gained 1)
Found a dagger.
Found a kite shield.
Unknown command.
A bat comes into view.
There is a stone staircase leading up here.
You can't go down here!
You climb upwards.
There is a stone staircase leading down here.
You hit the bush but do no damage. You hit the bush but do no damage.
You hit the bush but do no damage. You hit the bush but do no damage.
You hit the bush.
The bush is lightly damaged.
You hit the bush but do no damage.
The bush is lightly damaged.
There is a staircase leading out of the dungeon here.
You can't go down here!
Are you sure you want to leave the Dungeon?
This will make you lose the game!
You have escaped!

......#...#.###..P♣♣..###########
......#...#.##..P.♣...>..........
............#.P..PP♣♣P.########.#
########.###.......PP..##.....#.#
.........##............##.###.#.#
##########(..P................#(#
## #.....PP...PP...##.#####.#
.### #....PP♣..PPPP..##.......#
...# #.PP♣.♣P.@..♣PP.##########
...## #..P.P♣.♣.P..P..#
#...#####....P♣PPP.....#
##.......#....P.P......#
#####..#..........#....# #
##.####............#
######.#####.#.........#
............)##.#......#
########..##.#..#..###.#


There were no monsters in sight!

Vanquished Creatures
  3 dart slugs
  4 bats (D:1)
  An endoplasm (D:1)
  2 goblins (D:1)
  2 hobgoblins (D:1)
  A quokka (D:1)
  3 ball pythons (D:1)
  2 frilled lizards (D:1)
  4 kobolds (D:1)
22 creatures vanquished.

Notes
Turn   | Place    | Note
-------+----------+-------------------------------------------
     0 | D:1      | Ayven the Human Artificer began the quest for the Orb.
     0 | D:1      | Reached XP level 1. HP: 15/15 MP: 1/1
   135 | D:1      | Reached XP level 2. HP: 21/21 MP: 2/2
   390 | D:1      | Reached XP level 3. HP: 18/26 MP: 3/3
   576 | D:1      | Found a faded altar of an unknown god.
  1134 | D:$      | Got out of the dungeon alive.

Illustrated notes

Levels and vault maps discovered:
D:1:      spicycebolla_arrival_clurvy, layout_basic,
          shapermc_ecumenical_altar_venn, kennysheep_crisscross,
          hex_intersection
D:2:      minmay_alternating_diamond, layout_basic, grunt_ministairs_15,
          minmay_tiny_reverse_x

Action                     || total
---------------------------++-------
  Melee: Club              ||    79
         Punch             ||     1
  Evoke: Wand              ||     5
   Stab: Sleeping          ||     1
 Armour: Leather armour    ||    27
  Dodge: Dodged            ||    57
